AoeStats
← TIMVP

Arena

509351464Analyzed
2v2 RM · 5d ago on Sep 26, 2026· 58m 49s· 4 players
Game mode
Random Map
Map size
Medium (4 player)
Population
200
Speed
Normal
Resources
Standard
Victory
Conquest
Starting age
Dark Age
Ending age
Imperial Age
RankedLock teamsTeams togetherTeam positionsShared explorationLock speedFull tech treeHidden civsTurbo modeCheats
Victory
Defeat
🇵🇪 Danes · Peru
754
+13
🇵🇪 Franks · Peru
748
+13
🇩🇪 Spanish · Germany
722
-14
🇨🇭 Italians · Switzerland
656
-12
duro-dur8
9:21 Feudal Age
9:57 Double-Bit Axe
15:48 Horse Collar
20:19 Castle Age
18:33 Stone Mining
18:51 Gold Mining
21:42 Wheelbarrow
21:14 Heavy Plow
21:35 Bow Saw
22:08 Stone Shaft Mining
25:02 Hand Cart
29:15 Imperial Age
31:21 Two-Man Saw
30:17 Town Watch
30:38 Light Cavalry
31:24 Husbandry
31:39 Bloodlines
31:45 Forging
31:41 Scale Barding Armor
31:27 Hussar
33:37 Silk Road
33:22 Caravan
34:38 Chain Barding Armor
35:00 Iron Casting
35:21 Crop Rotation
36:38 Plate Barding Armor
37:01 Fletching
38:12 Blast Furnace
37:13 Padded Archer Armor
40:40 Bodkin Arrow
41:01 Leather Archer Armor
sandokan25
12:29 Feudal Age
12:55 Double-Bit Axe
12:53 Horse Collar
24:50 Castle Age
26:14 Bow Saw
26:13 Heavy Plow
27:13 Elite Skirmisher
30:19 Pikeman
30:50 Loom
31:16 Scale Barding Armor
31:39 Town Watch
39:22 Imperial Age
39:20 Wheelbarrow
40:56 Supremacy
42:04 Chemistry
A†ilA
12:50 Feudal Age
14:26 Double-Bit Axe
15:30 Wheelbarrow
20:23 Castle Age
18:45 Scale Barding Armor
18:52 Forging
22:30 Hand Cart
23:58 Husbandry
24:09 Husbandry
27:21 Imperial Age
26:13 Iron Casting
27:40 Bow Saw
29:10 Cavalier
34:33 Conscription
33:42 Ordonnance Companies
36:58 Blast Furnace
36:19 Chain Barding Armor
35:34 Pikeman
36:14 Squires
38:02 Chemistry
39:42 Halberdier
40:11 Gambesons
39:54 Elite Skirmisher
43:57 Paladin
46:26 Ballistics
51:15 Plate Barding Armor
TIMVP
0:35 Loom
13:22 Feudal Age
13:48 Double-Bit Axe
14:45 Wheelbarrow
14:41 Stone Mining
22:23 Castle Age
20:38 Horse Collar
28:39 Masonry
28:51 Ballistics
30:46 Gold Mining
31:40 Stone Shaft Mining
35:03 Imperial Age
33:04 Heavy Plow
34:12 Gold Shaft Mining
36:49 Hand Cart
37:12 Bow Saw
36:30 Capped Ram
37:44 Gambesons
37:20 Man-at-Arms
38:02 Scale Mail Armor
38:12 Forging
37:34 Hamask
39:10 Siege Ram
39:49 Long Swordsman
41:24 Chain Mail Armor
41:45 Iron Casting
41:59 Elite Jomsviking
42:11 Two-Handed Swordsman
42:23 Pikeman
43:04 Squires
44:20 Plate Mail Armor
44:22 Heavy Scorpion
46:17 Conscription
47:18 Blast Furnace
50:02 Siege Engineers
Connection lost

Rejoining the realm…

Still unreachable

The connection could not be restored.

Session expired

The server has moved on; the page needs a fresh start.